 Dungeon Crawl Stone Soup version 0.29-a0-322-g68df515428 (webtiles) character file.

Game seed: 8297309985782131083

3431 funkygono the Arsonist (level 10, -1/52 HPs)
             Began as a Gargoyle Fire Elementalist on Apr 7, 2022.
             Was a Follower of Vehumet.
             Slain by a yak (12 damage)
             ... on level 8 of the Dungeon.
             The game lasted 00:15:53 (8638 turns).

funkygono the Arsonist (Gargoyle Fire Elementalist) Turns: 8638, Time: 00:15:54

Health: -1/52      AC: 19    Str: 18    XL:     10   Next: 5%
Magic:  14/21      EV: 12    Int: 20    God:    Vehumet [*.....]
Gold:   485        SH:  0    Dex: 10    Spells: 14/24 levels left

rFire   + . .      SeeInvis .   A - +3 flail (flame)
rCold   . . .      Faith    .   (no shield)
rNeg    + . .      Spirit   .   v - +4 robe of Myuggir {Str+6 Stlth+}
rPois   ∞          Reflect  .   z - +2 helmet
rElec   +          Harm     .   e - +2 cloak
rCorr   .          Rampage  .   (no gloves)
Will    .....                   (no boots)
Stlth   +++.......              (no amulet)
HPRegen 0.17/turn               y - ring of protection from fire
MPRegen 0.17/turn               (no ring)

@: no status effects
A: sickness immunity, AC +7, negative energy resistance 1, electricity
resistance, torment resistance 1, petrification resistance
a: Renounce Religion


You were on level 8 of the Dungeon.
You worshipped Vehumet.
Vehumet was aware of your devotion.
You visited 2 branches of the dungeon, and saw 9 of its levels.

You collected 485 gold pieces.

Inventory:

Hand Weapons
 c - a +1 spectral mace
 j - the +7 dagger of Ferocious Innocence {spect, rElec rPois rCorr}
   (You found it on level 6 of the Dungeon)

   When its wielder attacks, the weapon's spirit leaps out and strikes again.
   The spirit shares a part of any damage it takes with its wielder.
   rElec:     It insulates you from electricity.
   rPois:     It protects you from poison.
   rCorr:     It protects you from acid and corrosion.
 k - a +0 whip
 t - a +4 quarterstaff of chaos
 A - a +3 flail of flaming (weapon)
Missiles
 f - 303 stones
Armour
 a - a +1 robe
 e - a +2 cloak (worn)
 p - a +1 scale mail of poison resistance
 r - the +0 robe of Shielding {Rampage Drain Dex+3}
   (You found it on level 6 of the Dungeon)

   Dex:       It affects your dexterity (+3).
   Drain:     It drains your maximum health when unequipped.
   Rampage:   It bestows one free step when moving towards enemies.
 v - the +4 robe of Myuggir (worn) {Str+6 Stlth+}
   (You found it on level 4 of the Dungeon)

   Str:       It affects your strength (+6).
   Stlth:     It makes you more stealthy.
 w - a +3 leather armour
 z - a +2 helmet (worn)
Magical Staves
 x - a staff of earth
Jewellery
 y - a ring of protection from fire (left hand)
Wands
 m - a wand of charming (9)
 q - a wand of mindburst (7)
 C - a wand of flame (16)
Scrolls
 d - 3 scrolls of amnesia
 g - 5 scrolls of identify
 i - a scroll of teleportation
 s - a scroll of vulnerability
 B - a scroll of enchant armour
Potions
 b - a potion of magic
 h - 2 potions of brilliance
 l - 3 potions of haste
 n - 5 potions of curing
 o - 2 potions of heal wounds
 u - a potion of attraction


   Skills:
 + Level 1.5 Fighting
 + Level 2.4 Maces & Flails
 + Level 3.4 Dodging
 + Level 3.5 Stealth
 + Level 7.9 Spellcasting
 + Level 6.2 Conjurations
 + Level 8.4 Fire Magic


You had 14 spell levels left.
You knew the following spells:

 Your Spells              Type           Power      Damage    Failure   Level
a - Foxfire               Conj/Fire      100%       2x1d9     1%          1
b - Scorch                Fire           82%        2d9       1%          2
c - Conjure Flame         Conj/Fire      37%        6-21      1%          3
d - Flame Wave            Conj/Fire      37%        2d9       4%          4

Your spell library contained the following spells:

 Spells                   Type           Power      Damage    Failure   Level
 Shock                    Conj/Air       80%        1d8       2%          1
 Inner Flame              Hex/Fire       24%        N/A       4%          3
 Freeze                   Ice            28%        1d5       9%          1
 Slow                     Hex            28%        N/A       9%          1
 Hailstorm                Conj/Ice       20%        3d6       24%         4
 Confusing Touch          Hex            7%         N/A       26%         3
 Frozen Ramparts          Ice            14%        1d3       26%         3
 Vampiric Draining        Necr           7%         2d6       26%         3
 Cause Fear               Hex            3%         N/A       65%         4
 Summon Cactus Giant      Summ           3%         N/A       100%        6
 Discord                  Hex            3%         N/A       100%        8


Dungeon Overview and Level Annotations

Branches:
Dungeon (8/15)             Temple (1/1) D:6
   Lair: D:8-11

Altars:
Ashenzari
Cheibriados
Dithmenos
Elyvilon
Fedhas
Gozag
Kikubaaqudgha
Makhleb
Nemelex Xobeh
Okawaru
Qazlal
Ru
Sif Muna
Uskayaw
Vehumet
Wu Jian
Xom
Yredelemnul
Zin
The Shining One
Beogh

Shops:
D:5 :

Annotations:
D:3 1 runed translucent door, jt's ghost, weakling GrDe


Innate Abilities, Weirdness & Mutations

You are immune to sickness and miasma.
Your stone body is resilient. (AC +7)
You are immune to poison.
You resist negative energy. (rN+)
You are resistant to electric shocks. (rElec)
You are resistant to unholy torment.
You are immune to petrification.


Message History

The steam dragon claws you.
Casting: Foxfire (safe; 1% risk of failure)
Confirm with . or Enter, or press ? or * to list all spells.
Flames lash the steam dragon.
The steam dragon is severely wounded.
The steam dragon's fire resistance burns away.
The steam dragon bites you! The steam dragon misses you.
The yak gores you but does no damage.
Casting: Scorch (safe; 1% risk of failure)
Confirm with . or Enter, or press ? or * to list all spells.
Flames lash the steam dragon.
The steam dragon is burned terribly!
You kill the steam dragon!
Vehumet accepts your kill. The yak gores you!
Unknown command.
Casting: Scorch (safe; 1% risk of failure)
Confirm with . or Enter, or press ? or * to list all spells.
Flames lash the yak.
The yak is heavily wounded.
The yak's fire resistance burns away.
The yak gores you.
Unknown command.
Casting: Scorch (safe; 1% risk of failure)
Confirm with . or Enter, or press ? or * to list all spells.
You conjure some foxfire!
The yak gores you!
* * * LOW HITPOINT WARNING * * *
Casting: Foxfire (safe; 1% risk of failure)
Confirm with . or Enter, or press ? or * to list all spells.
You conjure some foxfire!
The foxfire hits the yak!
The yak is burned terribly!
The yak is severely wounded.
The foxfire hits the yak.
The yak is burned terribly!
The yak is severely wounded.
The yak gores you but does no damage.
You hit the yak but do no damage.
The yak is severely wounded.
The foxfire hits the yak.
The yak is burned terribly!
The yak is almost dead.
The foxfire hits the yak but does no damage.
The yak is almost dead.
The yak gores you!
You die...

........####..##
..............##
.........#†....#
..........#.....##
...........#..#...#
..............#...#
.......[.....##...##
.........§#§.......#
........§#@.§......#
........#.Y#.......##
.......#..######....##
###..## ####..##
##...## ##..## ##..###
##..## ##..####
##..### . ##......##
##.).#
...####........##
###..


You could see a yak (combustible).

Vanquished Creatures
  A gargoyle (D:8)
  A wyvern (D:7)
  2 steam dragons (D:8)
  2 water moccasins
  An orc warrior (D:8)
  2 black bears
  3 sky beasts
  2 ice beasts
  3 centaurs
  A phantom (D:5)
  2 bullfrogs
  A necrophage (D:6)
  3 scorpions
  6 killer bees
  A howler monkey (D:8)
  4 hounds
  Crazy Yiuf (D:6)
  An orc priest (D:8)
  6 iguanas
  7 orc wizards
  11 gnolls
  4 adders
  3 shadow imps
  A white imp (D:6)
  An ufetubus (D:6)
  A worm (D:2)
  2 dart slugs (D:1)
  19 orcs
  8 ball pythons
  7 endoplasms
  A giant cockroach (D:1)
  2 goblins
  6 hobgoblins
  5 jackals
  6 quokkas
  8 bats
  2 frilled lizards
  11 kobolds
  5 rats
153 creatures vanquished.

Vanquished Creatures (others)
  A bullfrog (D:8)
  587 foxfires
  2 withered plants (D:3)
590 creatures vanquished.

Grand Total: 743 creatures vanquished

Notes
Turn   | Place    | Note
-------+----------+-------------------------------------------
     0 | D:1      | funkygono the Gargoyle Fire Elementalist began the quest
                  | for the Orb.
     0 | D:1      | Reached XP level 1. HP: 10/10 MP: 3/3
   264 | D:1      | Reached XP level 2. HP: 15/15 MP: 3/5
   592 | D:1      | Learned a level 2 spell: Scorch
   949 | D:1      | Reached XP level 3. HP: 19/19 MP: 2/6
   992 | D:1      | Found a faded altar of an unknown god.
  1339 | D:2      | Found a burning altar of Makhleb.
  1667 | D:2      | Reached XP level 4. HP: 24/24 MP: 4/7
  2101 | D:3      | Found a runed translucent door.
  2102 | D:3      | Noticed jt's ghost (weakling GrDe)
  3007 | D:4      | Reached skill level 4 in Fire Magic
  3007 | D:4      | Reached XP level 5. HP: 28/28 MP: 2/9
  3743 | D:4      | Identified the +4 robe of Myuggir {Str+6 Stlth+}
  4172 | D:4      | Found a glowing golden altar of the Shining One.
  4230 | D:5      | Entered Level 5 of the Dungeon
  4327 | D:5      | Noticed a phantom
  4338 | D:5      | Killed a phantom
  4339 | D:5      | Reached XP level 6. HP: 32/32 MP: 0/11
  4397 | D:5      | Noticed a water moccasin
  4403 | D:5      | Killed a water moccasin
  4589 | D:5      | Found Ninnyc's Book Shop.
  4622 | D:5      | Reached XP level 7. HP: 36/36 MP: 1/13
  4714 | D:5      | Learned a level 3 spell: Conjure Flame
  4719 | D:5      | Learned a level 4 spell: Flame Wave
  4981 | D:5      | Reached skill level 5 in Fire Magic
  5620 | D:5      | Reached skill level 1 in Maces & Flails
  5622 | D:5      | Reached XP level 8. HP: 33/42 MP: 8/15
  5711 | D:5      | Reached skill level 6 in Fire Magic
  5838 | D:5      | Reached skill level 5 in Spellcasting
  6453 | D:6      | Reached skill level 1 in Fighting
  6651 | D:6      | Identified the +7 dagger of Ferocious Innocence {spect,
                  | rElec rPois rCorr}
  6751 | D:6      | Reached XP level 9. HP: 47/47 MP: 12/18
  6818 | D:6      | Found a staircase to the Ecumenical Temple.
  6828 | Temple   | Entered the Ecumenical Temple
  6851 | Temple   | Became a worshipper of Vehumet
  7075 | D:6      | Identified the +0 robe of Shielding {Rampage Drain Dex+3}
  7263 | D:6      | Found a runed translucent door.
  7264 | D:6      | Noticed Crazy Yiuf
  7271 | D:6      | Killed Crazy Yiuf
  7272 | D:6      | Reached skill level 5 in Conjurations
  7392 | D:7      | Reached skill level 7 in Fire Magic
  8424 | D:8      | Found an iron altar of Okawaru.
  8525 | D:8      | Reached skill level 8 in Fire Magic
  8588 | D:8      | Noticed a gargoyle
  8598 | D:8      | Killed a gargoyle
  8598 | D:8      | Reached * piety under Vehumet
  8598 | D:8      | Offered knowledge of Shock by Vehumet.
  8608 | D:8      | Reached XP level 10. HP: 31/52 MP: 0/21
  8638 | D:8      | Slain by a yak

Illustrated notes

Levels and vault maps discovered:
D:1:      grunt_arrival_crossed_arrows, layout_loops_ring,
          hellmonk_ecumenical_altar_defaced_shrine, minivault_5
D:2:      layout_rooms, basic_altar
D:3:      layout_basic, gammafunk_ghost_grave
D:4:      layout_basic, nicolae_tso_swordbearing_angel,
          nicolae_ossuary_entry_plus, ebering_dispersal_statue_hall
D:5:      nicolae_cairo_tiling, layout_basic, serial_shops, nicolae_shop_trees,
          kennysheep_nondescript, hangedman_minor_gate_pass
D:6:      layout_cave_pools, minmay_temple_entry_overgrown, glass_columns_a,
          uniq_crazy_yiuf_cottage
D:7:      layout_rooms
D:8:      layout_cave_pods, kennysheep_little_box,
          minmay_fractal_squares_diagonal_5
Temple:   regret_index_temple_mists

Skill      XL: |  1  2  3  4  5  6  7  8  9 |
---------------+----------------------------+-----
Dodging        | 2 3 |  3.4
Conjurations   | 2 3 4 6 |  6.2
Fire Magic     | 4 5 6 8 |  8.4
Spellcasting   | 3 4 6 7 |  7.9
Stealth        | 3 |  3.5
Maces & Flails | 1 2 |  2.4
Fighting       | 1 |  1.5

Action                   |  1- 3 |  4- 6 |  7- 9 | 10-12 || total
-------------------------+-------+-------+-------+-------++-------
Melee: Punch             |     1 |       |     1 |       ||     2
       Unarmed           |     1 |       |       |       ||     1
       Mace              |     2 |     2 |       |       ||     4
       Flail             |       |       |    33 |     3 ||    36
 Cast: Foxfire           |    66 |    82 |   189 |     6 ||   343
       Scorch            |     1 |     6 |    39 |     3 ||    49
       Flame Wave        |       |       |     1 |       ||     1
  Use: Scroll            |       |       |    16 |       ||    16
       Potion            |       |       |       |     2 ||     2
Armor: Robe              |     7 |     6 |    63 |     6 ||    82
Dodge: Dodged            |    10 |    17 |    93 |    11 ||   131

Table legend: (Time is in decaauts)
 A = Elapsed time spent in this place.
 B = Non-inter-level travel time spent in this place.
 C = Inter-level travel time spent in this place.
 D = Time resting spent in this place.
 E = Time spent auto-exploring this place.
 F = Levels seen in this place.
 G = Mean time per level.
                   A        B        C        D        E       F      G
               +--------+--------+--------+--------+--------+-----+--------+
         Total |   8686 |   8424 |    262 |    215 |   6678 |   9 |  965.1 |
       Dungeon |   8533 |   8293 |    240 |    215 |   6574 |   8 | 1066.6 |
        Temple |    152 |    130 |     22 |      0 |    104 |   1 |  152.0 |
               +--------+--------+--------+--------+--------+-----+--------+

Top non-repeatable levels by time:
     D:5: 2163 daAuts
     D:4: 1248 daAuts
     D:1: 1207 daAuts
     D:3: 994 daAuts
     D:7: 844 daAuts
     D:6: 829 daAuts
     D:2: 778 daAuts
     D:8: 466 daAuts
  Temple: 152 daAuts
